 Dungeon Crawl Stone Soup version 0.30-a0-793-g160f7cfddd (webtiles) character file.

Game seed: 13389309338652000947

16429 hikkokomori the Geomancer (level 12, -1/75 HPs)
             Began as a Gargoyle Earth Elementalist on Feb 19, 2023.
             Was a Priest of Vehumet.
             Slain by a death yak (19 damage)
             ... on level 2 of the Lair of Beasts.
             The game lasted 00:35:59 (9586 turns).

hikkokomori the Geomancer (GrEE)                    Turns: 9586, Time: 00:36:00

Health: -1/75      AC: 33    Str: 15    XL:     12   Next: 37%
Magic:  18/21      EV: 12    Int: 18    God:    Vehumet [***...]
Gold:   640        SH:  0    Dex: 10    Spells: 15/23 levels left

rFire   . . .      SeeInvis .    A - +6 shillelagh "Devastator" {shatter}
rCold   . . .      Faith    .    (no shield)
rNeg    + . .      Spirit   .    B - +0 acid dragon scales
rPois   ∞          Reflect  .    J - +2 hat
rElec   +          Harm     .    z - +1 cloak
rCorr   +          Rampage  .    g - +2 pair of gloves
Will    .....                    y - +1 pair of boots {Fly}
Stlth   +++                      (no amulet)
HPRegen 0.32/turn                f - +4 ring of protection
MPRegen 0.17/turn                M - +4 ring of protection

@: flying
A: sickness immunity, AC +8, negative energy resistance 1, electricity
resistance, torment resistance 1, petrification resistance
a: Renounce Religion


You were on level 2 of the Lair of Beasts.
You worshipped Vehumet.
Vehumet was most pleased with you.
You visited 3 branches of the dungeon, and saw 12 of its levels.
You also visited: Bailey and Ice Cave.

You collected 1240 gold pieces.
You spent 600 gold pieces at shops.

Inventory:

Hand Weapons
 j - a +0 short sword of draining
 p - a +3 dagger of electrocution
 t - a -2 demon whip of venom
 v - the +6 hand axe of Untruth {freeze, Drain Str+3 Dex+4}
   (You found it on level 5 of the Dungeon)

   Str:       It affects your strength (+3).
   Dex:       It affects your dexterity (+4).
   Drain:     It drains your maximum health when unequipped.
 w - the +7 spear of the Beginning {antimagic, Contam +Blink Will++ Dex+2}
   (You took it off a goblin in a bailey)

   Dex:       It affects your dexterity (+2).
   +Blink:    It lets you blink.
   Contam:    It causes magical contamination when unequipped.
   Will:      It greatly increases your willpower.
 A - the +6 shillelagh "Devastator" (weapon) {shatter}
   (You bought it in a shop on level 6 of the Dungeon)
Armour
 a - a +0 robe
 g - a +2 pair of gloves (worn)
 y - a +1 pair of boots of flying (worn)
 z - a +1 cloak (worn)
 B - +0 acid dragon scales (worn)
 G - a +2 kite shield
 J - a +2 hat (worn)
Magical Staves
 i - a staff of cold
 P - a staff of death
Jewellery
 f - a +4 ring of protection (left hand)
 M - a +4 ring of protection (right hand)
 O - an amulet of the acrobat
Wands
 n - a wand of digging (5)
 C - a wand of charming (3)
 E - a wand of flame (4)
Scrolls
 c - 2 scrolls of immolation
 e - 2 scrolls of blinking
 h - 4 scrolls of vulnerability
 s - 9 scrolls of teleportation
 u - a scroll of fear
 I - 2 scrolls of identify
 L - a scroll of enchant armour
Potions
 b - 2 potions of magic
 d - 2 potions of attraction
 k - 4 potions of flight
 l - a potion of invisibility
 m - 4 potions of heal wounds
 o - a potion of ambrosia
 q - 4 potions of mutation
 x - 7 potions of curing
 D - 2 potions of might
 F - a potion of brilliance
 H - a potion of berserk rage
 K - a potion of lignification
Miscellaneous
 r - a phantom mirror
 N - a condenser vane


   Skills:
 - Level 8.8 Fighting
 - Level 4.5(6.1) Axes
 + Level 6.8(7.6) Maces & Flails
 + Level 5.0 Armour
 + Level 4.3 Dodging
 - Level 8.4 Stealth
 + Level 5.0 Shields
 + Level 6.3 Spellcasting
 - Level 6.5 Conjurations
 - Level 1.0 Transmutations
 - Level 4.2 Fire Magic
 - Level 8.9 Earth Magic


You had 15 spell levels left.
You knew the following spells:

 Your Spells              Type           Power      Damage    Failure   Level
a - Sandblast             Erth           74%        2d16      1%          1
b - Stone Arrow           Conj/Erth      66%        3d11      1%          3
c - Foxfire               Conj/Fire      100%       2x1d9     1%          1
d - Passwall              Tmut/Erth      19%        N/A       3%          2
e - Apportation           Tloc           10%        N/A       16%         1

Your spell library contained the following spells:

 Spells                   Type           Power      Damage    Failure   Level
 Hailstorm                Conj/Ice       17%        3d6       3%          3
 Scorch                   Fire           42%        2d7       1%          2
 Flame Wave               Conj/Fire      25%        2d8       4%          4
 Necrotise                Necr           20%        1d5       16%         1
 Summon Small Mammal      Summ           20%        N/A       16%         1
 Petrify                  Tmut/Erth      23%        N/A       21%         4
 Summon Cactus Giant      Summ           2%         N/A       100%        6


Dungeon Overview and Level Annotations

Branches:
Dungeon (9/15)             Temple (1/1) D:7            Lair (2/5) D:8
  Swamp (0/4) Lair:2       Spider (0/4) Lair:2       Bailey (visited)
  IceCv (visited)
    Orc: D:9-12

Altars:
Cheibriados
Dithmenos
Fedhas
Hepliaklqana
Makhleb
Nemelex Xobeh
Okawaru
Qazlal
Ru
Sif Muna
Trog
Uskayaw
Vehumet
Wu Jian
The Shining One

Shops:
D:6 ?*


Innate Abilities, Weirdness & Mutations

You are immune to sickness and miasma.
Your stone body is resilient. (AC +8)
You are immune to poison.
You resist negative energy. (rN+)
You are resistant to electric shocks. (rElec)
You are resistant to unholy torment.
You are immune to petrification.


Message History

You sock the death yak!
The death yaks shudder.
The death yak is almost dead.
The death yak is heavily wounded.
You kill the death yak!
Vehumet accepts your kill.
The death yak is almost dead.
You hit the death yak but do no damage.
The death yak is almost dead.
The death yak gores you.
You thump the death yak!
The death yaks and the rime drake shudder.
The death yak is almost dead.
The rime drake is lightly wounded.
The death yak is severely wounded.
The death yak is almost dead.
The death yak gores you.
You sock the death yak!
The rime drake and the death yak shudder.
The death yak is severely wounded.
You kill the death yak!
Vehumet accepts your kill.
Your Armour skill increases to level 5!
Your Shields skill increases to level 5!
You hit the death yak but do no damage.
The death yak is severely wounded.
The death yak closely misses you.
You hit the death yak but do no damage.
The death yak is severely wounded.
The death yak gores you but does no damage.
You sock the death yak!
The death yak and the rime drake shudder.
The death yak is almost dead.
The rime drake is moderately wounded.
The death yak is almost dead.
The death yak gores you!
* * * LOW HITPOINT WARNING * * *
You barely miss the death yak.
The death yak is almost dead.
The death yak gores you!!
You die...

# #.#. .####.. ....... ....
####...#.. .......
...............# .......
...............# .......
...............# .......
...............## .......
♣...............######.......
§...............@Yk.....#
§..#...........###.#.#.##
...............# ##..#..#
..##...........## ####.##
###...........P# .#
##......##..##.## ..
.P.#.#########..# .# .....#
#..P# .# .###.### ...# ###.


You could see a death yak and a rime drake.

Vanquished Creatures
  A hydra (Lair:2)
  3 death yaks (Lair:2)
  3 two-headed ogres (D:9)
  Amaemon (Lair:2)
  A bog body (Lair:2)
  2 ugly things (IceCv)
  An elephant (Lair:2)
  2 black mambas (Lair:1)
  3 ice statues (IceCv)
  An orange demon (Lair:2)
  A komodo dragon (Lair:2)
  4 cane toads (Lair:1)
  A burning bush (Lair:2)
  2 hornets
  4 blink frogs (Lair:1)
  A dire elephant simulacrum (IceCv)
  A steam dragon (D:9)
  A death yak simulacrum (IceCv)
  An acid dragon (D:8)
  6 water moccasins
  7 orc warriors
  2 black bears
  An ice beast (D:5)
  An ogre (D:7)
  2 centaurs
  3 kobold brigands
  2 necrophages
  8 bullfrogs
  A cane toad simulacrum (IceCv)
  8 scorpions
  3 wights (D:7)
  10 killer bees
  A howler monkey (D:7)
  Crazy Yiuf (D:5)
  6 orc priests
  Jessica (D:2)
  A gnoll bouda (D:8)
  7 iguanas
  5 orc wizards
  10 gnolls
  4 adders
  2 white imps
  2 worms (D:2)
  30 orcs
  4 ball pythons
  4 bats (D:3)
  6 endoplasms
  8 giant cockroaches
  11 goblins
  7 hobgoblins
  5 jackals
  29 kobolds
  A quokka (D:4)
  5 frilled lizards
  8 rats
  2 butterflies (D:5)
248 creatures vanquished.

Vanquished Creatures (collateral kills)
  An orc knight (Bailey)
  A harpy simulacrum (IceCv)
  3 polar bear simulacra (IceCv)
5 creatures vanquished.

Vanquished Creatures (others)
  An anaconda simulacrum (IceCv)
  A dire elephant simulacrum (IceCv)
  2 foxfires (Bailey)
  A fungus (Lair:2)
  A plant (Lair:2)
6 creatures vanquished.

Grand Total: 259 creatures vanquished

Notes
Turn   | Place    | Note
-------+----------+-------------------------------------------
     0 | D:1      | hikkokomori the Gargoyle Earth Elementalist began the quest
                  | for the Orb.
     0 | D:1      | Reached XP level 1. HP: 10/10 MP: 3/3
   248 | D:1      | Reached skill level 1 in Transmutations
   248 | D:1      | Reached XP level 2. HP: 15/15 MP: 1/5
  1012 | D:2      | Reached skill level 1 in Fighting
  1012 | D:2      | Reached XP level 3. HP: 15/20 MP: 4/6
  1213 | D:2      | Reached XP level 4. HP: 19/26 MP: 0/7
  1389 | D:2      | Noticed Jessica
  1392 | D:2      | Killed Jessica
  1655 | D:3      | Reached XP level 5. HP: 31/31 MP: 5/8
  1704 | D:3      | Found a stormy altar of Qazlal.
  2059 | D:4      | Reached skill level 5 in Earth Magic
  2144 | D:4      | Learned a level 3 spell: Stone Arrow
  2150 | D:4      | Noticed a water moccasin
  2158 | D:5      | Entered Level 5 of the Dungeon
  2252 | D:4      | Killed a water moccasin
  2253 | D:4      | Reached skill level 1 in Conjurations
  2253 | D:4      | Reached XP level 6. HP: 35/37 MP: 5/9
  2854 | D:4      | Found a shimmering blue altar of Sif Muna.
  2854 | D:4      | Found a faded altar of an unknown god.
  2860 | D:4      | Found a faded altar of an unknown god.
  2862 | D:4      | Found a hide-covered altar of Uskayaw.
  2864 | D:4      | Found a bloodstained altar of Trog.
  2922 | D:5      | Identified the +6 hand axe of Untruth {freeze, Drain Str+3
                  | Dex+4}
  3044 | D:5      | Found a runed translucent door.
  3046 | D:5      | Found a runed translucent door.
  3073 | D:5      | Reached skill level 5 in Stealth
  3073 | D:5      | Reached XP level 7. HP: 42/42 MP: 10/10
  3081 | D:5      | Reached skill level 1 in Axes
  3091 | D:5      | Reached XP level 8. HP: 20/48 MP: 11/11
  3365 | D:5      | Found a runed translucent door.
  3366 | D:5      | Noticed Crazy Yiuf
  3635 | D:5      | Killed Crazy Yiuf
  3747 | D:5      | Reached skill level 5 in Fighting
  3959 | D:6      | Found Wauplen's Mayhem Merchandise.
  3995 | D:6      | Found Aklatoth's Magic Scroll Shop.
  4409 | D:7      | Found a staircase to the Ecumenical Temple.
  4421 | Temple   | Entered the Ecumenical Temple
  4428 | Temple   | Became a worshipper of Vehumet
  4506 | D:7      | Reached XP level 9. HP: 30/55 MP: 2/12
  4529 | D:7      | Noticed a hornet
  4545 | D:7      | Reached skill level 5 in Conjurations
  4545 | D:7      | Killed a hornet
  4666 | D:7      | Found a large runed translucent door.
  4667 | D:7      | Found a large runed translucent door.
  4754 | D:7      | Found a flagged portal.
  4765 | Bailey   | Entered a bailey
  4862 | Bailey   | Reached * piety under Vehumet
  4862 | Bailey   | Offered knowledge of Foxfire by Vehumet.
  4865 | Bailey   | Learned a level 1 spell: Foxfire
  5017 | Bailey   | Noticed an orc knight
  5038 | Bailey   | Killed an orc knight
  5252 | Bailey   | Identified the +7 spear of the Beginning {antimagic, Contam
                  | +Blink Will++ Dex+2}
  5265 | Bailey   | Reached skill level 1 in Maces & Flails
  5473 | D:7      | Found a sacrificial altar of Ru.
  5700 | D:7      | Found a hazy altar of Hepliaklqana.
  5817 | D:7      | Found a burning altar of Makhleb.
  5820 | D:7      | Found a glowing golden altar of the Shining One.
  5895 | D:8      | Reached XP level 10. HP: 63/63 MP: 13/13
  5938 | D:6      | Bought the +6 shillelagh "Devastator" {shatter} for 600
                  | gold pieces
  5938 | D:6      | Found the +6 shillelagh "Devastator" {shatter}
  6044 | D:8      | Found an iron altar of Okawaru.
  6067 | D:8      | Reached skill level 1 in Fire Magic
  6069 | D:8      | Reached ** piety under Vehumet
  6381 | D:8      | Found a staircase to the Lair.
  6426 | D:8      | Offered knowledge of Searing Ray by Vehumet.
  6534 | D:9      | Noticed a two-headed ogre
  6553 | D:9      | Killed a two-headed ogre
  6823 | D:9      | Noticed a two-headed ogre
  6828 | D:9      | Killed a two-headed ogre
  6828 | D:9      | Offered knowledge of Momentum Strike by Vehumet.
  6833 | D:9      | Learned a level 2 spell: Passwall
  7144 | D:9      | Noticed a two-headed ogre
  7151 | D:9      | Killed a two-headed ogre
  7152 | D:9      | Reached XP level 11. HP: 69/69 MP: 11/17
  7329 | Lair:1   | Entered Level 1 of the Lair of Beasts
  7594 | Lair:1   | Reached *** piety under Vehumet
  7596 | Lair:1   | Reached skill level 5 in Maces & Flails
  7596 | Lair:1   | Reached skill level 1 in Armour
  7596 | Lair:1   | Reached skill level 1 in Shields
  7825 | Lair:1   | Reached skill level 5 in Spellcasting
  8315 | Lair:2   | Noticed a seven-headed hydra
  8316 | Lair:2   | Noticed Amaemon
  8348 | Lair:2   | Killed Amaemon
  8366 | Lair:2   | Killed a seven-headed hydra
  8450 | Lair:2   | Found a hole to the Spider Nest.
  8494 | Lair:2   | Found a staircase to the Swamp.
  8494 | Lair:2   | Noticed a bog body
  8495 | Lair:2   | Noticed a bog body
  8544 | Lair:2   | Killed a bog body
  8572 | Lair:2   | Found a frozen archway.
  8582 | IceCv    | Entered an ice cave
  8586 | IceCv    | Offered knowledge of Hailstorm by Vehumet.
  8618 | IceCv    | Noticed a white ugly thing
  8633 | IceCv    | Killed a white ugly thing
  8634 | IceCv    | Reached XP level 12. HP: 38/75 MP: 4/20
  9413 | IceCv    | Learned a level 1 spell: Apportation
  9556 | Lair:2   | Noticed a death yak
  9556 | Lair:2   | Noticed a death yak
  9556 | Lair:2   | Noticed a death yak
  9557 | Lair:2   | Noticed a death yak
  9557 | Lair:2   | Noticed a death yak
  9575 | Lair:2   | Killed a death yak
  9579 | Lair:2   | Killed a death yak
  9582 | Lair:2   | Killed a death yak
  9583 | Lair:2   | Reached skill level 5 in Armour
  9583 | Lair:2   | Reached skill level 5 in Shields
  9586 | Lair:2   | Slain by a death yak

Illustrated notes

Levels and vault maps discovered:
D:1:      kennysheep_arrival_forest, layout_loops_ring, st_stairs_14
D:2:      layout_loops_ring, uniq_jessica
D:3:      layout_rooms, nicolae_qazlal_general_emergency
D:4:      layout_rooms, chequers_temple_overflow_minitemple,
          hangedman_abyss_or_decor_passed
D:5:      lemuel_insect_pit, layout_basic, uniq_crazy_yiuf_cottage
D:6:      layout_cave_pools, serial_shops, shop, chequers_serial_rivers_micro_c,
          minmay_shop_mayhem, nicolae_underground_beach
D:7:      layout_rooms, jmf_multi_god_temple2, nicolae_ru_sacrificial_ziggurat,
          nzn_hepliaklqana_mist_gate, minmay_temple_entry_slanted,
          enter_bailey_3
D:8:      layout_basic, okawaru_trees_1, dpeg_oklobed_lair
D:9:      layout_cave_pools
Temple:   nicolae_temple_bog_church
Lair:1:   layout_chaotic_city, serial_bayou_pond_e,
          chequers_serial_rivers_large_b, grunt_megastairs_5
Lair:2:   layout_small_grid, skrybe_swamp_entry_bodies, dummy_spider_entry,
          portal_ice_cave_entry_pillars_2, evilmike_ambush
          [evilmike_ambush_outer_basic, evilmike_ambush_inner_basic],
          uniq_amaemon

Skill      XL: |  1  2  3  4  5  6  7  8  9 10 11 12 |
---------------+-------------------------------------+-----
Transmutations | 1 |  1.0
Earth Magic    | 4 5 6 7 8 |  8.9
Fighting       | 1 2 3 4 5 7 8 |  8.8
Stealth        | 3 4 5 6 8 |  8.4
Conjurations   | 1 2 3 4 6 |  6.5
Axes           | 1 3 4 |  4.5
Maces & Flails | 2 4 6 |  6.8
Fire Magic     | 3 4 |  4.2
Spellcasting   | 4 5 6 |  6.3
Armour         | 4 5 |  5.0
Dodging        | 3 4 |  4.3
Shields        | 4 5 |  5.0

Action                     |  1- 3 |  4- 6 |  7- 9 | 10-12 || total
---------------------------+-------+-------+-------+-------++-------
  Melee: Short sword       |    20 |     6 |       |       ||    26
         Dagger            |       |    55 |       |       ||    55
         Hand axe          |       |    13 |   166 |       ||   179
         Punch             |       |       |     1 |     1 ||     2
         Shillelagh        |       |       |       |   169 ||   169
   Cast: Sandblast         |    28 |    60 |    43 |    12 ||   143
         Stone Arrow       |       |       |    19 |    71 ||    90
         Foxfire           |       |       |     1 |       ||     1
  Evoke: Phantom mirror    |       |       |     1 |       ||     1
         Wand              |       |       |       |    16 ||    16
    Use: Scroll            |       |       |    19 |     5 ||    24
         Potion            |       |       |     2 |     4 ||     6
   Stab: Sleeping          |     2 |     2 |     2 |     3 ||     9
         Invisible         |       |       |     4 |       ||     4
 Armour: Robe              |    17 |    37 |   111 |    21 ||   186
         Acid dragon scale |       |       |       |   121 ||   121
  Dodge: Dodged            |    15 |    73 |   127 |   123 ||   338

Table legend: (Time is in decaauts)
 A = Elapsed time spent in this place.
 B = Non-inter-level travel time spent in this place.
 C = Inter-level travel time spent in this place.
 D = Time resting spent in this place.
 E = Time spent auto-exploring this place.
 F = Levels seen in this place.
 G = Mean time per level.
                   A        B        C        D        E       F      G
               +--------+--------+--------+--------+--------+-----+--------+
         Total |   9686 |   9353 |    333 |    990 |   6004 |  14 |  691.9 |
       Dungeon |   6732 |   6446 |    286 |    260 |   4818 |   9 |  748.0 |
        Temple |     14 |      2 |     12 |      0 |      0 |   1 |   14.0 |
          Lair |   1376 |   1341 |     35 |      0 |    923 |   2 |  688.0 |
        Bailey |    699 |    699 |      0 |    271 |    124 |   1 |  699.0 |
      Ice Cave |    863 |    863 |      0 |    459 |    139 |   1 |  863.0 |
               +--------+--------+--------+--------+--------+-----+--------+

Top non-repeatable levels by time:
     D:5: 1064 daAuts
  Lair:1: 985 daAuts
     D:1: 901 daAuts
   IceCv: 863 daAuts
     D:7: 830 daAuts
     D:4: 776 daAuts
     D:9: 760 daAuts
     D:2: 709 daAuts
  Bailey: 699 daAuts
     D:8: 633 daAuts
     D:6: 609 daAuts
     D:3: 446 daAuts
  Lair:2: 390 daAuts
  Temple: 14 daAuts
